 Dungeon Crawl Stone Soup version 0.24-a0-530-g18ba70b503 (webtiles) character file.

Game seed: 12921446480610017342

147 RedPan the Sneak (level 5, -8/24 HPs)
             Began as a Spriggan Enchanter on Aug 9, 2019.
             Was an Initiate of Dithmenos.
             Mangled by Sigmund
             ... wielding a +0 scythe
              (11 damage)
             ... on level 3 of the Dungeon.
             The game lasted 00:08:25 (2947 turns).

RedPan the Sneak (Spriggan Enchanter)               Turns: 2947, Time: 00:08:25

Health: -8/24      AC:  2    Str:  1 (4)  XL:     5   Next: 8%
Magic:  6/10       EV: 18    Int: 21 (24) God:    Dithmenos [......]
Gold:   68         SH:  0    Dex: 14 (16) Spells: 4/10 levels left

rFire    . . .     SeeInvis +   a - +1 dagger
rCold    . . .     Gourm    .   (shield restricted)
rNeg     . . .     Faith    .   b - +0 robe
rPois    .         Spirit   .   (helmet restricted)
rElec    .         Reflect  .   (no cloak)
rCorr    .         Harm     .   (gloves unavailable)
MR       +....                  (boots unavailable)
Stlth    +++.......             (no amulet)
HPRegen  0.08/turn              c - +6 ring of intelligence
MPRegen  0.12/turn              i - ring of protection from magic

@: very quick
A: very small, unfitting armour, see invisible, herbivore, speed 3, slow
metabolism 2
a: Renounce Religion


You were on level 3 of the Dungeon.
You worshipped Dithmenos.
Dithmenos was noncommittal.
You were very hungry.

You visited 1 branch of the dungeon, and saw 3 of its levels.

You collected 68 gold pieces.

Inventory:

Hand Weapons
 a - a +1 dagger (weapon)
Armour
 b - a +0 robe (worn)
Jewellery
 c - a +6 ring of intelligence (left hand)
 e - an uncursed ring of flight
 i - a ring of protection from magic (right hand)
Scrolls
 g - 3 scrolls of remove curse
 h - a scroll of magic mapping
 j - a scroll of teleportation
Comestibles
 d - 5 rations


   Skills:
 + Level 2.0 Short Blades
 - Level 3.0 Dodging
 + Level 6.7 Stealth
 - Level 3.0 Spellcasting
 - Level 5.0 Hexes
 + Level 0.8 Ice Magic


You had 4 spell levels left.
You knew the following spells:

 Your Spells              Type           Power        Failure   Level  Hunger
a - Corona                Hex            ###....      1%          1    None
b - Ensorcelled Hibernat  Hex/Ice        ###...       6%          2    ##.....
c - Confuse               Hex            ###.....     4%          3    ###....

Your spell library contained the following spells:

 Spells                   Type           Power        Failure   Level  Hunger
 Tukima's Dance           Hex            ###.....     4%          3    ###....
 Dazzling Spray           Conj/Hex       ##....       14%         3    ###....


Dungeon Overview and Level Annotations

Branches:
Dungeon (3/15)

Altars:
Dithmenos
Vehumet

Annotations:
D:3 Sigmund


Innate Abilities, Weirdness & Mutations

You are very small and have problems with some larger weapons.
You are too small for most types of armour.
You have supernaturally acute eyesight. (SInv)
You are a herbivore.
You cover ground extremely quickly.
You need to consume almost no food.


Message History

You are too injured to fight recklessly!
You hit Sigmund but do no damage.
Sigmund is almost dead.
Sigmund hits you with a +0 scythe!
* * * LOW HITPOINT WARNING * * *
You barely miss Sigmund.
Sigmund is almost dead.
You hit Sigmund but do no damage.
Sigmund is almost dead.
Sigmund drinks a potion.
Sigmund is healed!
Sigmund seems less confused.
You hit Sigmund.
Sigmund is heavily wounded.
Sigmund closely misses you.
You completely miss Sigmund.
Sigmund is heavily wounded.
It was a potion of degeneration.
There was something very wrong with that liquid.
You feel weakened.
You feel dopey.
You feel clumsy. Sigmund hits you with a +0 scythe!
You die...

#.†....................#
#........#########.....#
#.........###### ###.###
####.###.......# #.# #.#
#.......# #.#
######.###.......#####.#
.....................#..##
.######.###.....$.##..>..#
#.# #...@@...##.##.# #.#
#........##. #.# ###
###########.##.##
#.......# #.......#
##......### ##........#
#.........# #.........#


You could see Sigmund (invisible).

Vanquished Creatures
  A worker ant (D:2)
  5 adders (D:2)
  4 oozes
  3 dart slugs (D:1)
  2 leopard geckos
  4 orcs
  A giant cockroach (D:1)
  3 goblins
  6 hobgoblins
  6 jackals (D:1)
  2 kobolds (D:1)
  A quokka (D:2)
  5 bats (D:1)
  5 frilled lizards
  5 rats
53 creatures vanquished.

Vanquished Creatures (others)
  Grinder (D:3)
1 creature vanquished.

Grand Total: 54 creatures vanquished

Notes
Turn   | Place    | Note
-------+----------+-------------------------------------------
     0 | D:1      | RedPan the Spriggan Enchanter began the quest for the Orb.
     0 | D:1      | Reached XP level 1. HP: 9/9 MP: 5/5
    65 | D:1      | Reached XP level 2. HP: 13/13 MP: 7/7
   106 | D:1      | Reached skill level 5 in Stealth
   110 | D:1      | Learned a level 2 spell: Ensorcelled Hibernation
   482 | D:1      | Reached XP level 3. HP: 16/16 MP: 8/8
  1120 | D:1      | Learned a level 3 spell: Confuse
  1319 | D:2      | Reached skill level 6 in Stealth
  1319 | D:2      | Reached XP level 4. HP: 21/21 MP: 4/9
  1891 | D:2      | Reached skill level 5 in Hexes
  2268 | D:3      | Found a shadowy altar of Dithmenos.
  2454 | D:3      | Reached XP level 5. HP: 24/24 MP: 7/10
  2459 | D:3      | Found a radiant altar of Vehumet.
  2461 | D:3      | Became a worshipper of Dithmenos the Shadowed
  2470 | D:3      | Noticed Grinder
  2742 | D:3      | Paralysed by Grinder for 7 turns
  2768 | D:3      | Killed Grinder
  2925 | D:3      | Noticed Sigmund
  2947 | D:3      | Mangled by Sigmund

Levels and vault maps discovered:
D:1:      erik_arrival_gehennom, layout_basic, minmay_misc_feat_five
D:2:      layout_rooms
D:3:      minmay_diamond_boxcup, layout_rooms, lemuel_crystal_altar,
          fiery_altar_vehumet, first_ration, uniq_grinder, uniq_ijyb,
          uniq_sigmund

Skill      XL: |  1  2  3  4 |
---------------+-------------+-----
Spellcasting   | 3 |  3.0
Hexes          | 4 5 |  5.0
Stealth        | 5 6 |  6.7
Short Blades   | 2 |  2.0
Dodging        | |  3.0
Ice Magic      | |  0.8

Action                   |  1- 3 |  4- 6 || total
-------------------------+-------+-------++-------
Melee: Dagger            |    91 |   118 ||   209
 Cast: Ensorcelled Hiber |    11 |    20 ||    31
       Confuse           |       |     1 ||     1
  Use: Scroll            |     1 |     4 ||     5
       Potion            |       |     1 ||     1
 Stab: Sleeping          |    18 |    12 ||    30
Armor: Robe              |     9 |    13 ||    22
Dodge: Dodged            |    73 |   108 ||   181

Table legend:
 A = Non-vault XP
 B = Vault XP
 C = Vault XP percentage of total XP
 D = Non-vault monster count
 E = Vault monster count
 F = Vault count percentage of total count
                 A         B        C        D         E       F
            +---------+---------+-------+---------+---------+-------
      Total |     192 |      19 |   9.0 |      48 |       5 |   9.4
            +---------+---------+-------+---------+---------+-------
        D:1 |      59 |      19 |  24.4 |      29 |       5 |  14.7
        D:2 |     126 |       0 |   0.0 |      16 |       0 |   0.0
        D:3 |       7 |       0 |   0.0 |       3 |       0 |   0.0
            +---------+---------+-------+---------+---------+-------
